 Dungeon Crawl Stone Soup version 0.32-a0-411-g744942f433 (webtiles) character file.

Game seed: 13064079765304674280

44 shadowstone the Ruffian (level 3, 0/23 HPs)
             Began as an Octopode Shapeshifter on Feb 20, 2024.
             Slain by a gnoll
             ... wielding a +0 halberd
              (10 damage)
             ... on level 2 of the Dungeon.
             The game lasted 00:03:04 (1225 turns).

shadowstone the Ruffian (Octopode Shapeshifter)     Turns: 1225, Time: 00:03:05

Health: 0/23       AC:  1    Str: 15    XL:     3   Next: 62%
Magic:  3/3        EV: 13    Int: 12    God:
Gold:   58         SH:  0    Dex: 11    Spells: 2/2 levels left

rFire   . .          .
                       - Unarmed
rCold   . . .        (no shield)
rNeg    . . .        (helmet currently unavailable)
rPois   .            (no amulet)
rElec   .            (no ring)
rCorr   .            (no ring)
SInv    .            (no ring)
Will    .....        (no ring)
Stlth   ++           (no ring)
HPRegen 0.23/turn    (no ring)
MPRegen 0.08/turn    (no ring)
                     (no ring)

%: no passive effects
@: beast-form
A: beast (slay +1), almost no armour, amphibious, 8 rings, camouflage 1,
gelatinous body 1, (nimble swimmer 1), tentacles
a: Begin Untransformation


You were on level 2 of the Dungeon.
You were a hulking beast.
You visited 1 branch of the dungeon, and saw 2 of its levels.

You collected 58 gold pieces.

Inventory:

Missiles
 f - 2 poisoned darts (quivered)
Armour
 j - a +0 pair of boots
Talismans
 b - a beast talisman (active)
 c - a flux talisman
Scrolls
 k - a scroll of vulnerability {unknown}
Potions
 a - 2 potions of lignification
 d - a potion of magic {unknown}
 e - a potion of curing {unknown}
 g - a potion of resistance {unknown}
 h - a potion of heal wounds {unknown}
 i - a potion of mutation {unknown}


   Skills:
 + Level 1.0 Fighting
 + Level 2.4 Dodging
 + Level 0.2 Stealth
 + Level 3.8 Unarmed Combat
 + Level 3.4 Shapeshifting


You had 2 spell levels left.
You didn't know any spells.
Your spell library was empty.

Dungeon Overview and Level Annotations

Branches:
Dungeon (2/15)

Altars:
Zin

Shops:
D:1 [


Innate Abilities, Weirdness & Mutations

You are a hulking beast.
Your limbs bulge with bestial killing power. (Slay +1)
You cannot wear most types of armour.
You are amphibious.
You can wear up to eight rings at the same time.
Your skin changes colour to match your surroundings (Stealth+).
Your rubbery body absorbs attacks. (AC +1, EV +1)
((You are camouflaged when in or above water. (Stealth+)))
You have tentacles for arms and can constrict up to eight enemies at once.


Message History

f - 2 poisoned darts (gained 1)
There is a stone staircase leading down here.
A ribbon worm comes into view.
A gnoll comes into view. It is wielding a +0 halberd.
Found a potion of lignification.
The helpless ribbon worm fails to defend itself.
You tentacle-slap the ribbon worm. Your grab misses the ribbon worm.
The ribbon worm is lightly wounded.
You tentacle-slap the ribbon worm but do no damage.
You grab the ribbon worm.
The ribbon worm is lightly wounded.
You constrict the ribbon worm. The ribbon worm bites you.
The gnoll hits you from afar with a +0 halberd.
You bludgeon the ribbon worm!
The ribbon worm is severely wounded.
You constrict the ribbon worm. The ribbon worm bites you.
The gnoll barely misses you.
You tentacle-slap the ribbon worm.
The ribbon worm is almost dead.
You constrict the ribbon worm.
You kill the ribbon worm!
The gnoll misses you.
An endoplasm comes into view.
You tentacle-slap the endoplasm.
The endoplasm is severely wounded.
The gnoll closely misses you. The endoplasm freezes you.
You are frozen.
You bludgeon the endoplasm!
You kill the endoplasm!
The gnoll completely misses you.
Found a scroll labelled RUYJOSK GUMOCH.
You see here a ribbon worm corpse.
k - a scroll labelled RUYJOSK GUMOCH You barely miss the gnoll.
You grab the gnoll.
You constrict the gnoll, but do no damage.
You tentacle-slap the gnoll.
The gnoll is moderately wounded.
You constrict the gnoll. The gnoll hits you with a +0 halberd!
You die...

#..# #..#
#..###.###
#.........
#.####.###..
#.....g..... .
#..#.##.##..
... ....###g#
...
.......#h#.#
#####
.!.....#.###.#
.....
.......## .#
..... ........
# #####
........ #


You could see a gnoll.

Vanquished Creatures
  A ribbon worm (D:2)
  4 endoplasms
  A giant cockroach (D:1)
  A hobgoblin (D:1)
  5 kobolds
  3 quokkas (D:1)
  4 ball pythons
  4 goblins (D:1)
23 creatures vanquished.

Notes
Turn   | Place    | Note
-------+----------+-------------------------------------------
     0 | D:1      | shadowstone the Octopode Shapeshifter began the quest for
                  | the Orb.
     0 | D:1      | Reached XP level 1. HP: 13/13 MP: 1/1
   222 | D:1      | Reached XP level 2. HP: 16/18 MP: 2/2
   390 | D:1      | Found Sihav's Armour Shoppe.
   401 | D:1      | Reached XP level 3. HP: 23/23 MP: 3/3
  1114 | D:2      | Found a glowing silver altar of Zin.
  1225 | D:2      | Slain by a gnoll

Illustrated notes

Levels and vault maps discovered:
D:1:      eino_arrival_druids_welcome, layout_basic, serial_shops,
          nicolae_square_shop, serial_forest, infiniplex_forest_clump_diagonal,
          infiniplex_forest_clump_curved, infiniplex_forest_corner_1,
          infiniplex_forest_lined_2, infiniplex_forest_lined_1,
          infiniplex_forest_clump_small, serial_bayou_pond_e,
          due_unseen_surprise
D:2:      layout_basic, basic_altar, minmay_misc_feat_hallway, minmay_tripent

Action                     || total
---------------------------++-------
  Melee: Unarmed           ||    41
         Tentacles         ||     6
         Constrict         ||    12
         Punch             ||     2
  Throw: Dart              ||     3
   Stab: Sleeping          ||     3
 Armour: Skin              ||    15
  Dodge: Dodged            ||    32

Table legend: (Time is in decaauts)
 A = Elapsed time spent in this place.
 B = Non-inter-level travel time spent in this place.
 C = Inter-level travel time spent in this place.
 D = Time resting spent in this place.
 E = Time spent auto-exploring this place.
 F = Levels seen in this place.
 G = Mean time per level.
                   A        B        C        D        E       F      G
               +--------+--------+--------+--------+--------+-----+--------+
         Total |   1222 |   1063 |    159 |      0 |    617 |   2 |  611.0 |
       Dungeon |   1222 |   1063 |    159 |      0 |    617 |   2 |  611.0 |
               +--------+--------+--------+--------+--------+-----+--------+

Top non-repeatable levels by time:
     D:1: 1005 daAuts
     D:2: 216 daAuts
